 Dungeon Crawl Stone Soup version 0.32-a0-163-g159c032296 (webtiles) character file.

Game seed: 5179397984633194188

103 Bobbunny the Ruffian (level 4, -5/45 HPs)
             Began as a Troll Fighter on Feb 12, 2024.
             Slain by an ogre
             ... wielding a +0 giant spiked club
              (30 damage)
             ... on level 3 of the Dungeon.
             The game lasted 00:01:54 (2114 turns).

Bobbunny the Ruffian (Troll Fighter)                Turns: 2114, Time: 00:01:55

Health: -5/45      AC:  4    Str: 26    XL:     4   Next: 51%
Magic:  3/3        EV:  8    Int:  4    God:
Gold:   117        SH:  7    Dex:  9    Spells: 3/3 levels left

rFire   . .          .
                       - Unarmed
rCold   . . .        b - +0 kite shield
rNeg    . . .        a - +0 robe
rPois   .            (helmet restricted)
rElec   .            (no cloak)
rCorr   .            (gloves unavailable)
SInv    .            (boots unavailable)
Will    .....        i - amulet of regeneration
Stlth   +            (no ring)
HPRegen 1.87/turn    (no ring)
MPRegen 0.08/turn

%: no passive effects
@: no status effects
A: large, unfitting armour, claws 3, regeneration 1, shaggy fur 1, tough skin 1
a: no special abilities


You were on level 3 of the Dungeon.
You visited 1 branch of the dungeon, and saw 3 of its levels.

You collected 117 gold pieces.

Inventory:

Missiles
 f - 2 poisoned darts
 g - a datura-tipped dart (quivered)
Armour
 a - a +0 robe (worn)
 b - a +0 kite shield (worn)
Jewellery
 i - an amulet of regeneration (around neck)
 o - an amulet of faith
Scrolls
 d - a scroll of enchant armour {unknown}
 e - 3 scrolls of noise {unknown}
 h - a scroll of fog {unknown}
 j - 4 scrolls of identify {unknown}
 m - a scroll of poison {unknown}
 n - a scroll of acquirement {unknown}
 q - a scroll of brand weapon {unknown}
 s - a scroll of blinking {unknown}
Potions
 c - 2 potions of might
 k - 2 potions of attraction {unknown}
 l - a potion of berserk rage {unknown}
 p - 2 potions of degeneration {unknown}
 r - a potion of lignification {unknown}


   Skills:
 + Level 3.5 Fighting
 - Level 2.4 Dodging
 - Level 2.6 Shields
 + Level 3.6 Unarmed Combat


You had 3 spell levels left.
You didn't know any spells.
Your spell library was empty.

Dungeon Overview and Level Annotations

Branches:
Dungeon (3/15)

Altars:


Innate Abilities, Weirdness & Mutations

You are too large for most types of armour.
You have claws for hands.
Your natural rate of healing is unusually fast.
You are covered in fur. (AC +1)
You have tough skin. (AC +1)


Message History

The goblin hits the goblin with a +0 club.
The goblin dies!
The goblin barely misses the goblin.
The goblin hits something with a +0 club.
The ogre hits the goblin with a +0 giant spiked club!!
The goblin dies!
Throw: 3 darts (datura)
Press: ? - help, Q - select action, (/) - cycle Shift-Dir - straight line, f/p - ogre
Aim: an ogre, wielding a +0 giant spiked club (moderately wounded, 69% to hit, chance to frenzy on hit: 27%)
You throw a datura-tipped dart.
The datura-tipped dart closely misses the goblin.
The datura-tipped dart barely misses the ogre.
Throw: 2 darts (datura)
Press: ? - help, Q - select action, (/) - cycle Shift-Dir - straight line, f - goblin
Aim: a goblin, wielding a +0 club (severely wounded, 40% to hit, chance to frenzy on hit: 100%)
You throw a datura-tipped dart.
The datura-tipped dart barely misses the goblin.
You closely miss the goblin.
The goblin is severely wounded.
You block the goblin's attack. x2
You claw the goblin!
You kill the goblin!
The goblin closely misses you.
You closely miss the goblin. The goblin hits you with a +0 dagger.
You miss the goblin. The goblin hits you with a +0 dagger.
You claw the goblin!
You kill the goblin!
You scratch the ogre.
The ogre is heavily wounded.
The ogre hits you with a +0 giant spiked club!
You scratch the ogre.
The ogre is heavily wounded.
The ogre hits you with a +0 giant spiked club!!
You closely miss the ogre.
The ogre is heavily wounded.
You scratch the ogre.
The ogre is severely wounded.
The ogre hits you with a +0 giant spiked club!!
Ouch! That really hurt!
You die...

# ##.#.# #..#####.# #.#
#.#.# ##..# #.# #.# # ##...#
##.#######.# #.# ## ##.##.#
#..#.((#...# #.# .###..##.#
##.#.).###.# #.#
#.....##.#####.#)(.###.###.#
####...........##g##.......#
#.###.#####.##O####.#####
#.###.# #.#@)####.# #.....#
#.........# #######
###########


You could see an ogre and a goblin.

Vanquished Creatures
  An orc wizard (D:3)
  An adder (D:2)
  A ribbon worm (D:2)
  3 dart slugs
  4 orcs (D:3)
  2 ball pythons
  7 endoplasms
  2 giant cockroaches
  4 hobgoblins
  A quokka (D:2)
  6 bats
  3 frilled lizards
  10 goblins
  4 kobolds
  4 rats
53 creatures vanquished.

Vanquished Creatures (collateral kills)
  A goblin (D:3)
1 creature vanquished.

Vanquished Creatures (others)
  A goblin (D:3)
  A frilled lizard (D:3)
2 creatures vanquished.

Grand Total: 56 creatures vanquished

Notes
Turn   | Place    | Note
-------+----------+-------------------------------------------
     0 | D:1      | Bobbunny the Troll Fighter began the quest for the Orb.
     0 | D:1      | Reached XP level 1. HP: 22/22 MP: 0/0
   288 | D:1      | Reached XP level 2. HP: 21/29 MP: 1/1
   566 | D:1      | Found a faded altar of an unknown god.
   896 | D:2      | Reached XP level 3. HP: 37/37 MP: 2/2
  1569 | D:3      | Reached XP level 4. HP: 45/45 MP: 3/3
  2096 | D:3      | Noticed an ogre
  2114 | D:3      | Slain by an ogre

Illustrated notes

Levels and vault maps discovered:
D:1:      wander_arrival_lonely_grave, layout_loops_corners,
          dreamdust_ecumenical_altar_statues
D:2:      layout_rooms, hangedman_decor_growths, kennysheep_generic_room_2
D:3:      layout_loops_corners, minmay_ogre_servants

Skill      XL: |  1  2  3 |
---------------+----------+-----
Fighting       | 3 |  3.5
Unarmed Combat | 3 |  3.6
Dodging        | |  2.4
Shields        | |  2.6

Action                     |  1- 3 |  4- 6 || total
---------------------------+-------+-------++-------
  Melee: Unarmed           |    94 |    28 ||   122
  Throw: Dart              |     1 |     4 ||     5
         Javelin           |       |     3 ||     3
   Stab: Sleeping          |     1 |       ||     1
 Armour: Robe              |    54 |    10 ||    64
  Dodge: Dodged            |    19 |     7 ||    26
  Block: Kite shield       |    22 |     8 ||    30

Table legend: (Time is in decaauts)
 A = Elapsed time spent in this place.
 B = Non-inter-level travel time spent in this place.
 C = Inter-level travel time spent in this place.
 D = Time resting spent in this place.
 E = Time spent auto-exploring this place.
 F = Levels seen in this place.
 G = Mean time per level.
                   A        B        C        D        E       F      G
               +--------+--------+--------+--------+--------+-----+--------+
         Total |   2123 |   2064 |     59 |      0 |   1745 |   3 |  707.7 |
       Dungeon |   2123 |   2064 |     59 |      0 |   1745 |   3 |  707.7 |
               +--------+--------+--------+--------+--------+-----+--------+

Top non-repeatable levels by time:
     D:1: 839 daAuts
     D:3: 727 daAuts
     D:2: 555 daAuts
